 Dungeon Crawl Stone Soup version 0.23.2-32-g37ab1d4649 (webtiles) character file.

Game seed: 5419804193679703116

268 FABLE the Slasher (level 6, -3/56 HPs)
             Began as a Minotaur Chaos Knight on June 26, 2019.
             Was a Plaything of Xom.
             Slain by a centaur (4 damage)
             ... on level 6 of the Dungeon.
             The game lasted 00:11:53 (1693 turns).

FABLE the Slasher (Minotaur Chaos Knight)           Turns: 1693, Time: 00:11:53

Health: -3/56      AC:  5    Str: 18    XL:     6   Next: 1%
Magic:  5/5        EV: 12    Int:  9    God:    Xom [.....*]
Gold:   85         SH:  0    Dex: 10    Spells: 5/5 levels left

rFire    x . .     SeeInvis .   a - +0 falchion (chaos)
rCold    + . .     Gourm    +   (no shield)
rNeg     . . .     Faith    .   b - +2 leather armour
rPois    .         Spirit   .   (helmet restricted)
rElec    .         Reflect  .   (no cloak)
rCorr    .         Harm     .   (no gloves)
MR       .....     Rnd*Tele +   (no boots)
Stlth    +.........             g - amulet of the gourmand
HPRegen  0.18/turn              i - ring of ice
MPRegen  0.09/turn              m - ring of teleportation

@: no status effects
A: retaliatory headbutt, horns 2
a: Renounce Religion


You were on level 6 of the Dungeon.
You worshipped Xom.
You were Xom's teddy bear.
You were very full.

You visited 1 branch of the dungeon, and saw 4 of its levels.

You collected 85 gold pieces.

Inventory:

Hand Weapons
 a - a +0 falchion of chaos (weapon)
 e - a +0 hand axe
Missiles
 f - 72 stones (quivered)
 l - 8 tomahawks
Armour
 b - a +2 leather armour (worn)
Jewellery
 g - an amulet of the gourmand (around neck)
 i - a ring of ice (left hand)
 m - a ring of teleportation (right hand)
Wands
 j - a wand of acid (6)
Comestibles
 c - 4 rations


   Skills:
 + Level 5.2 Fighting
 + Level 6.2 Long Blades
 + Level 0.3 Throwing
 + Level 3.4 Armour
 + Level 1.9 Dodging
 + Level 0.7 Stealth


You had 5 spell levels left.
You didn't know any spells.
Your spell library was empty.

Dungeon Overview and Level Annotations

Branches:
Dungeon (3/15)

Altars:
Qazlal
Xom


Innate Abilities, Weirdness & Mutations

You reflexively headbutt those who attack you in melee.
You have a pair of horns on your head.


Message History

The arrow hits your ufetubus.
Things that are here:
a cursed +2 scimitar of freezing; a +0 robe The centaur unwields a +0 shortbow.
The centaur hits you but does no damage.
You hit the centaur.
The centaur seems to speed up.
You headbutt the centaur, but do no damage.
The centaur is moderately wounded.
The centaur closely misses you. x2
You hit the centaur. You freeze the centaur. Your headbutt misses the centaur.
The centaur is heavily wounded.
The centaur hits you but does no damage.
The centaur hits you.
* * * LOW HITPOINT WARNING * * *
You hit the centaur.
The centaur is poisoned.
The centaur is severely wounded.
The centaur hits you.
* * * LOW HITPOINT WARNING * * *
The centaur hits you.
You die...

#. ## #(# #.###(.#
#...#..# #..#..##
####......##########
#........(..........
...<.#..§§§@c.#
##..(..5#####
###.....§.#
##........##
###......#..#
#......##...#
#......###..##
......### #..#
#.#### #.##


You could see a centaur and a friendly ufetubus (petrified).

Vanquished Creatures
  2 wights (D:6)
  A hound (D:6)
  2 adders
  A dart slug (D:2)
  2 worms (D:2)
  9 bats
  3 giant cockroaches
  4 goblins
  7 hobgoblins
  7 jackals
  A quokka (D:2)
  A ball python (D:3)
  3 frilled lizards
  7 kobolds
  9 rats
59 creatures vanquished.

Vanquished Creatures (collateral kills)
  A centaur (D:6)
1 creature vanquished.

Vanquished Creatures (others)
  A wight (D:6)
1 creature vanquished.

Grand Total: 61 creatures vanquished

Notes
Turn   | Place    | Note
-------+----------+-------------------------------------------
     0 | D:1      | FABLE the Minotaur Chaos Knight began the quest for the
                  | Orb.
     0 | D:1      | Reached XP level 1. HP: 19/19 MP: 0/0
    89 | D:1      | Reached skill level 4 in Long Blades
    89 | D:1      | Reached XP level 2. HP: 27/27 MP: 1/1
   177 | D:1      | XOM: harmless Tmut miscast
   755 | D:2      | Reached XP level 3. HP: 33/33 MP: 2/2
   879 | D:2      | Reached skill level 5 in Long Blades
  1078 | D:2      | XOM: 2-stop teleportation journey
  1298 | D:2      | XOM: scenery: create altars
  1314 | D:2      | Found a stormy altar of Qazlal.
  1514 | D:3      | XOM: 2-stop teleportation journey
  1521 | D:3      | Reached XP level 4. HP: 30/40 MP: 3/3
  1521 | D:3      | XOM: confusion
  1579 | D:3      | You fall through a shaft for 3 floors!
  1603 | D:6      | XOM: enchant monster (good)
  1605 | D:6      | HP: 2/61 [wight/+0 great sword (4)]
  1609 | D:6      | Reached XP level 5. HP: 3/47 MP: 4/4
  1611 | D:6      | HP: 3/70 [wight/cursed +2 scimitar of freezing (1)]
  1614 | D:6      | XOM: divine lightning
  1618 | D:6      | Noticed a centaur
  1626 | D:6      | XOM: summons friendly ufetubus
  1628 | D:6      | Reached skill level 5 in Fighting
  1628 | D:6      | Killed a centaur
  1628 | D:6      | Reached skill level 6 in Long Blades
  1628 | D:6      | Reached XP level 6. HP: 7/56 MP: 5/5
  1636 | D:6      | XOM: cloud trail
  1693 | D:6      | HP: 1/56 [centaur (5)]
  1693 | D:6      | Slain by a centaur

Skill      XL: |  1  2  3  4  5 |
---------------+----------------+-----
Long Blades    | 4 5 6 |  6.2
Fighting       | 4 5 |  5.2
Armour         | 3 |  3.4
Throwing       | |  0.3
Dodging        | |  1.9
Stealth        | |  0.7

Action                   |  1- 3 |  4- 6 || total
-------------------------+-------+-------++-------
Melee: Falchion          |    90 |    28 ||   118
       Headbutt          |    10 |     3 ||    13
Throw: Stone             |     3 |     8 ||    11
Evoke: Wand              |       |     2 ||     2
  Use: Scroll            |     4 |       ||     4
       Potion            |     3 |     3 ||     6
 Stab: Sleeping          |     1 |       ||     1
       Paralysed         |       |     2 ||     2
  Eat: Chunk             |     6 |     6 ||    12
Armor: Leather armour    |    44 |    13 ||    57
       Skin              |       |    30 ||    30
Dodge: Dodged            |    69 |    25 ||    94
       Rpst.: Falchion   |    16 |     2 ||    18
